Unix NetHack Version 5.0.0-0 post-release - last build May 23 2026 06:08:33 (1c0ff79ee797540d5714e4e18072db0edd9e58ae,branch:main).

Game began 2026-05-24 23:08:59, ended 2026-05-24 23:30:37.

DeathOnAStick, neutral male human Tourist

                                                                         -----
                                ----------------                         |   |
  --------                     #............<...#   ------              #+   |
  |    > .############         #|..............|### |....|    -----     #|   |
  |      |      ----------     #|..............|  ##-....|    |...|     #|   |
  |      |      |        .#    #-----.--------+-   #|....|    |...|     #|   |
  |      |      |        |#    # #   ##       #    #|....|   #-...----  #-----
  |      |   ###.        |#   ##      #       #    #|....|   #|......|  #
  ---+----  ##  ----------#   #       #       #   ##---.--  ##|..q@..|  #
     ###   ##             #   #       #       #####    ##   # |..[.).|  #
       #  ##              #   #       #        ###      #   # ------)-  #
       # ##              ##   #   ----+-- ###### ###### #  ##      ##   #
     # # #              ##    #   |     | #          -|-.- #     ###  ###
   --.-.-#             ##     #   |     | #          |...| #   --)----#
   |    |#             #-----##   |     .##          |...|##   |..   |#
   |    |#    ----     #|   |#    |     |############.(...#    |.    |#
   |    |     |  |      |  {|#    -------#           -----     |{    .#
   ------     |  |      |   +#          ##            #        -------
              ----      -----                                    #

DeathOnAStick the Sightseer  St:12 Dx:15 Co:17 In:12 Wi:10 Ch:10  Neutral S:671
Dlvl:5  $:659 HP:0(37) Pw:13(13) AC:7  Xp:4/98 T:1528 

Latest messages:
 You miss the bat.
 You hit the dwarf.
 You miss the dwarf.
 You miss the dwarf.
 You miss the dwarf.
 You hit the dwarf.
 You miss the dwarf.
 The dwarf thrusts his broad short sword.
 The dwarf hits!
 You hit the dwarf.
 The dwarf thrusts his broad short sword.
 The dwarf hits!
 In what direction? b
 The dart misses the dwarf.
 The dwarf thrusts his broad short sword.
 The dwarf hits!
 In what direction? b
 The dart misses the dwarf.
 In what direction? b
 The dart hits the dwarf.
 In what direction? n
 You kill the bat!
 You hear a slow drip.
 The dwarf picks up a +2 dart.
 In what direction? n
 The dart hits the dwarf.
 You slide on the ice.
 You make a lot of noise!
 In what direction? n
 You kill the dwarf!
 You slide on the ice.
 You make a lot of noise!
 In what direction? h
 The dart hits the rothe.
 The rothe hits!
 The rothe bites!
 The rothe bites again!
 In what direction? h
 The dart hits the rothe.
 In what direction? h
 The dart misses the rothe.
 The rothe hits!
 The rothe bites!
 The rothe bites again!
 You die...
 Do you want your possessions identified? [ynq] (y) y
 Do you want to see your attributes? [ynq] (y) y
 Do you want an account of creatures vanquished? [ynaq] (y) y
 Do you want to see your conduct and achievements? [ynq] (y) y
 Do you want to see the dungeon overview? [ynq] (y) y

Inventory:
 Coins    ('$')
  $ - 659 gold pieces
 Weapons  (')')
  J - 11 +0 arrows
  N - a +0 sling
  b - 10 +2 darts (at the ready)
  a - a +0 silver dagger (weapon in right hand)
 Armor    ('[')
  q - an uncursed +0 pair of iron shoes (being worn)
  z - an uncursed +0 shield of drain resistance (being worn)
 Comestibles  ('%')
  P - 2 uncursed randomfruits
  d - 9 uncursed food rations
  c - an uncursed tripe ration
 Scrolls  ('?')
  p - an uncursed scroll of confuse monster
  H - an uncursed scroll of enchant weapon
  L - a cursed scroll of identify
  R - an uncursed scroll of light
 Potions  ('!')
  g - an uncursed potion of extra healing
  m - 4 uncursed potions of healing
 Rings    ('=')
  F - an uncursed ring of free action
 Wands    ('/')
  Q - a wand of polymorph (0:8)
 Tools    ('(')
  x - an uncursed credit card
  v - an expensive camera (0:70)
  s - an uncursed towel
 Gems/Stones  ('*')
  I - an uncursed worthless piece of blue glass
  n - an uncursed worthless piece of red glass
  G - 2 uncursed worthless pieces of violet glass
  K - a cursed worthless piece of yellow glass

DeathOnAStick the Tourist's attributes:

Background:
 You were a Sightseer, a level 4 male human Tourist.
 You were neutral, nominally on a mission for The Lady
 who was opposed by Blind Io (lawful) and Offler (chaotic).
 You were right-handed.
 You were in the Dungeons of Doom, on level 5.
 You entered the dungeon 1528 turns ago.
 It was nighttime.
 You had 98 experience points, 62 more were needed to attain level 5.
 Your score was 671 before end-of-game adjustments.

Basics:
 You had 0 out of 37 hit points.
 You had all 13 energy points (spell power).
 Your armor class was 7.
 Your wallet contained 659 zorkmids.
 Autopickup was off.

Final Characteristics:
 Your strength was 12 (limit:18/100).
 Your dexterity was 15 (limit:18).
 Your constitution was 17 (limit:18).
 Your intelligence was 12 (limit:18).
 Your wisdom was 10 (limit:18).
 Your charisma was 10 (limit:18).

Final Status:
 You weren't hungry.
 You were unencumbered.
 You were wielding a dagger.
 You were unskilled in dagger.

Final Attributes:
 You were devoutly aligned.
 You were level-drain resistant.
 You were telepathic.
 You are dead.

Miscellaneous:
 You didn't encounter any bones levels.
 Total elapsed playing time was 21 minutes and 36 seconds.

Major events:
 Turn
    1: DeathOnAStick the neutral male human Tourist entered the dungeon
  893: entered the Gnomish Mines
 1064: attained the rank of Sightseer (level 3)
 1528: killed by a rothe

You didn't know any spells.

Skills:
 Fighting Skills
   bare handed combat [Unskilled]
   two weapon combat  [Unskilled]
   riding             [Unskilled]
 Weapon Skills
   dagger             [Unskilled]
   knife              [Unskilled]
   axe                [Unskilled]
   pick-axe           [Unskilled]
   short sword        [Unskilled]
   broadsword         [Unskilled]
   long sword         [Unskilled]
   two-handed sword   [Unskilled]
   saber              [Unskilled]
   mace               [Unskilled]
   morning star       [Unskilled]
   flail              [Unskilled]
   hammer             [Unskilled]
   quarterstaff       [Unskilled]
   polearms           [Unskilled]
   spear              [Unskilled]
   trident            [Unskilled]
   lance              [Unskilled]
   bow                [Unskilled]
   sling              [Unskilled]
   crossbow           [Unskilled]
   dart               [Basic]
   shuriken           [Unskilled]
   boomerang          [Unskilled]
   whip               [Unskilled]
   unicorn horn       [Unskilled]
 Spellcasting Skills
   divination spells  [Unskilled]
   enchantment spells [Unskilled]
   escape spells      [Unskilled]

Voluntary challenges:
 Character rerolling was not enabled.
 You were an atheist.
 You never genocided any monsters.
 You never polymorphed an object.
 You never changed form.
 You used no wishes.
Achievements:
 You entered a shop.
 You entered the Gnomish Mines.
 You attained the rank of Sightseer.

 The Dungeons of Doom: levels 1 to 5
    Level 1:
    Level 2:
       A general store, a fountain.
    Level 3:
       Stairs down to The Gnomish Mines.
    Level 4:
       A fountain.
    Level 5: <- You were here.
       A fountain, a sink.
       Final resting place for
          you, killed by a rothe.
 The Gnomish Mines:
    Level 4:


Vanquished creatures:
  a little dog
  a floating eye
  a dwarf
  a kobold shaman
 an acid blob
  a hobbit
  2 giant rats
  3 geckos
  2 jackals
  2 foxes
  a grid bug
  a bat
  a lichen
  2 kobold zombies
  7 newts
27 creatures vanquished.

No species were genocided or became extinct.

Game over:
                       ----------
                      /          \
                     /    REST    \
                    /      IN      \
                   /     PEACE      \
                  /                  \
                  |  DeathOnAStick   |
                  |      659 Au      |
                  |   killed by a    |
                  |      rothe       |
                  |                  |
                  |                  |
                  |       2026       |
                 *|     *  *  *      | *
        _________)/\\_//(\/(/\)/\//\/|_)_______

Aloha DeathOnAStick the Tourist...

You died in The Dungeons of Doom on dungeon level 5 with 665 points,
and 659 pieces of gold, after 1528 moves.
You were level 4 with a maximum of 37 hit points when you died.

